MLB
CLEVELAND INDIANS @ KANSAS CITY ROYALS
07/12/2045
 
TOP OF THE 1ST
Cleveland Indians batting - Pitching for Kansas City Royals : RHP Brandon Ferrari
Pitching: RHP Brandon Ferrari
Batting: LHB Arvin Dungca 0-0: Ball
1-0: Ball
2-0: Foul Ball, location: 2F
2-1: Ball
3-1: Foul Ball, location: 2F
3-2: Base on Balls
Batting: LHB Hector Pedroso 0-0: Ball
1-0: Ball
2-0: SINGLE (Groundball, 4MS, EV 74.4 MPH) (infield hit)
Arvin Dungca to second
Batting: LHB Danny Dunham 0-0: Called Strike
0-1: Ball
1-1: Ball
2-1: Ball
3-1: DOUBLE (Line Drive, 7LD, EV 105.0 MPH)
Arvin Dungca scores
Hector Pedroso to third
Runner from 3rd tries for Home, SAFE, throw by LF to home
Batting: SHB Moe Lester 0-0: Ball
1-0: Ball
2-0: Ball
3-0: Base on Balls
Batting: RHB Hiroshige Yamada 0-0: Ball
1-0: Hit by Pitch
Danny Dunham to third
Moe Lester to second
Batting: RHB Shigem Kubo 0-0: Ball
1-0: Ball
2-0: Ball
3-0: Base on Balls
Danny Dunham scores
Moe Lester to third
Hiroshige Yamada to second
Batting: LHB Jeff Taylor 0-0: Ball
1-0: Swinging Strike
1-1: Swinging Strike
1-2: Fielders Choice at 2nd, 6-4 (Groundball, 6, EV 75.6 MPH)
Moe Lester scores
Hiroshige Yamada to third
Batting: RHB Jesus Galvan 0-0: Ball
1-0: Ball
2-0: Called Strike
2-1: Grounds into double play, 5-4-3 (Groundball, 56S, EV 85.0 MPH)
Top of the 1st over - 4 runs, 2 hits, 0 errors, 1 left on base; Cleveland 4 - Kansas City 0
BOTTOM OF THE 1ST
Kansas City Royals batting - Pitching for Cleveland Indians : RHP Jon Turman
Pitching: RHP Jon Turman
Batting: RHB Mike Jaquez 0-0: Ball
1-0: Foul Ball, location: 2F
1-1: Ball
2-1: Ball
3-1: SOLO HOME RUN (Flyball, 7LD, EV 94.4 MPH), Distance : 365 ft
Batting: RHB Imbart Faber 0-0: Foul Ball, location: 2F
0-1: Ground out 3-1 (Groundball, 34S, EV 68.1 MPH)
Batting: LHB Mike Meyerhoff 0-0: Foul Ball, location: 2F
0-1: Swinging Strike
0-2: Ball
1-2: Ball
2-2: Fly out, F8 (Flyball, 8LD, EV 98.8 MPH)
Batting: SHB Tony Prado 0-0: Called Strike
0-1: Ball
1-1: Ball
2-1: Ball
3-1: Foul Ball, location: 2F
3-2: Fly out, F9 (Flyball, 9LS, EV 74.4 MPH)
Bottom of the 1st over - 1 run, 1 hit, 0 errors, 0 left on base; Cleveland 4 - Kansas City 1
TOP OF THE 2ND
Cleveland Indians batting - Pitching for Kansas City Royals : RHP Brandon Ferrari
Batting: RHB Drtian Thaqi 0-0: Called Strike
0-1: Called Strike
0-2: Ball
1-2: Fly out, F8 (Line Drive, 8RD, EV 83.1 MPH)
Batting: LHB Arvin Dungca 0-0: Called Strike
0-1: SINGLE (Groundball, 6S, EV 68.1 MPH) (infield hit)
Batting: LHB Hector Pedroso 0-0: Called Strike
0-1: Ball
1-1: Foul Ball, location: 2F
1-2: Strikes out looking
Batting: LHB Danny Dunham 0-0: Fielders Choice at 2nd, 6-4 (Groundball, 6, EV 95.0 MPH)
Top of the 2nd over - 0 runs, 1 hit, 0 errors, 1 left on base; Cleveland 4 - Kansas City 1
BOTTOM OF THE 2ND
Kansas City Royals batting - Pitching for Cleveland Indians : RHP Jon Turman
Batting: SHB Gil Switzer 0-0: Called Strike
0-1: Ball
1-1: Fly out, F9 (Line Drive, 9, EV 95.0 MPH)
Batting: SHB Gareth Busby 0-0: Ball
1-0: Ball
2-0: Foul Ball, location: 2F
2-1: Fly out, F8 (Flyball, 8LD, EV 79.4 MPH)
Batting: LHB Zion Davidson 0-0: Ball
1-0: Swinging Strike
1-1: SINGLE (Line Drive, 7S, EV 105.6 MPH)
Batting: RHB Aaron Matthews 0-0: Ball
1-0: Called Strike
1-1: Foul Ball, location: 2F
1-2: Ball
2-2: Ball
3-2: DOUBLE (Groundball, 5L, EV 107.5 MPH)
Zion Davidson to third
Zion Davidson scores
Batting: RHB Victor Moya 0-0: Ball
1-0: Called Strike
1-1: Called Strike
1-2: Foul Ball, location: 2F
1-2: Foul Ball, location: 2F
1-2: DOUBLE (Line Drive, 7LD, EV 106.9 MPH)
Aaron Matthews scores
Batting: RHB Mike Jaquez 0-0: Ball
1-0: Swinging Strike
1-1: Called Strike
1-2: Strikes out looking
Bottom of the 2nd over - 2 runs, 3 hits, 0 errors, 1 left on base; Cleveland 4 - Kansas City 3
TOP OF THE 3RD
Cleveland Indians batting - Pitching for Kansas City Royals : RHP Brandon Ferrari
Batting: SHB Moe Lester 0-0: Ball
1-0: Ball
2-0: Ball
3-0: Called Strike
3-1: Base on Balls
Batting: RHB Hiroshige Yamada 0-0: Ball
Wild Pitch!
Moe Lester to second
1-0: Ball
2-0: Swinging Strike
2-1: Ball
3-1: Foul Ball, location: 2F
3-2: Fly out, F8 (Flyball, 78XD, EV 109.4 MPH)
Runner from 2nd tags up, SAFE at 3rd, no throw by CF
Batting: RHB Shigem Kubo 0-0: Ball
1-0: Ball
2-0: Swinging Strike
2-1: Foul Ball, location: 2F
2-2: Ball
3-2: Fly out, F4 (Popup, 4D, EV 46.2 MPH)
Batting: LHB Jeff Taylor 0-0: Ball
1-0: Ball
2-0: DOUBLE (Flyball, 89XD, EV 98.8 MPH)
Moe Lester scores
Pitching: LHP Chris Eaker
Batting: RHB Jesus Galvan 0-0: Ball
1-0: Ball
2-0: Foul Ball, location: 2F
2-1: Foul Ball, location: 2F
2-2: SINGLE (Groundball, 6MD, EV 94.4 MPH)
Jeff Taylor to third
Runner from 3rd tries for Home, SAFE, throw by CF to home
Jesus Galvan to second
Batting: RHB Drtian Thaqi 0-0: Ball
1-0: Ball
2-0: Called Strike
2-1: Fly out, F7 (Flyball, 7, EV 91.2 MPH)
Top of the 3rd over - 2 runs, 2 hits, 0 errors, 1 left on base; Cleveland 6 - Kansas City 3
BOTTOM OF THE 3RD
Kansas City Royals batting - Pitching for Cleveland Indians : RHP Jon Turman
Batting: RHB Imbart Faber 0-0: Called Strike
0-1: Ball
1-1: DOUBLE (Groundball, 5L, EV 105.6 MPH)
Batting: LHB Mike Meyerhoff 0-0: Ball
1-0: SINGLE (Flyball, 5D, EV 84.4 MPH)
Imbart Faber to third
Batting: SHB Tony Prado 0-0: Ball
1-0: Fly out, F4 (Flyball, 34D, EV 82.5 MPH)
Batting: SHB Gil Switzer 0-0: Ball
1-0: Ball
2-0: Called Strike
2-1: Foul Ball, location: 2F
2-2: Foul Ball, location: 2F
2-2: Fielders Choice at 2nd, 4-6 (Groundball, 4M, EV 101.9 MPH)
Imbart Faber scores
Batting: SHB Gareth Busby 0-0: Called Strike
0-1: Ball
1-1: Ball
2-1: Fly out, F3 (Popup, 34S, EV 76.9 MPH)
Bottom of the 3rd over - 1 run, 2 hits, 0 errors, 1 left on base; Cleveland 6 - Kansas City 4
TOP OF THE 4TH
Cleveland Indians batting - Pitching for Kansas City Royals : LHP Chris Eaker
Batting: LHB Arvin Dungca 0-0: Called Strike
0-1: Called Strike
0-2: Foul Ball, location: 2F
0-2: Ball
1-2: Strikes out swinging
Batting: LHB Hector Pedroso 0-0: Called Strike
0-1: Ball
1-1: Ball
2-1: Called Strike
2-2: Foul Ball, location: 2F
2-2: Strikes out swinging
Batting: LHB Danny Dunham 0-0: Called Strike
0-1: Swinging Strike
0-2: Foul Ball, location: 2F
0-2: Ball
1-2: Ball
2-2: Foul Ball, location: 2F
2-2: Ball
3-2: Strikes out swinging
Top of the 4th over - 0 runs, 0 hits, 0 errors, 0 left on base; Cleveland 6 - Kansas City 4
BOTTOM OF THE 4TH
Kansas City Royals batting - Pitching for Cleveland Indians : RHP Jon Turman
Batting: LHB Zion Davidson 0-0: Ground out U3 (Groundball, 3, EV 100.6 MPH)
Batting: RHB Aaron Matthews 0-0: Ball
1-0: Fly out, F8 (Line Drive, 8RD, EV 96.2 MPH)
Batting: RHB Victor Moya 0-0: Ball
1-0: Ball
2-0: Foul Ball, location: 2F
2-1: Foul Ball, location: 2F
2-2: Foul Ball, location: 2F
2-2: Strikes out swinging
Bottom of the 4th over - 0 runs, 0 hits, 0 errors, 0 left on base; Cleveland 6 - Kansas City 4
TOP OF THE 5TH
Cleveland Indians batting - Pitching for Kansas City Royals : LHP Chris Eaker
Batting: SHB Moe Lester 0-0: Ball
1-0: Foul Ball, location: 2F
1-1: Swinging Strike
1-2: Ball
2-2: Strikes out looking
Batting: RHB Hiroshige Yamada 0-0: Ball
1-0: Foul Ball, location: 2F
1-1: Fly out, F9 (Flyball, 9D, EV 105.6 MPH)
Batting: RHB Shigem Kubo 0-0: Ball
1-0: Ball
2-0: Ground out 6-3 (Groundball, 6, EV 90.6 MPH)
Top of the 5th over - 0 runs, 0 hits, 0 errors, 0 left on base; Cleveland 6 - Kansas City 4
BOTTOM OF THE 5TH
Kansas City Royals batting - Pitching for Cleveland Indians : RHP Jon Turman
Batting: RHB Mike Jaquez 0-0: Ground out U3 (Groundball, 3, EV 85.0 MPH)
Batting: RHB Imbart Faber 0-0: DOUBLE (Line Drive, 9LM, EV 107.5 MPH)
Batting: LHB Mike Meyerhoff 0-0: Ball
1-0: Called Strike
1-1: Called Strike
1-2: Ball
2-2: Ball
3-2: Foul Ball, location: 2F
3-2: Fly out, F7 (Flyball, 78S, EV 84.4 MPH)
Batting: SHB Tony Prado 0-0: Ball
1-0: Foul Ball, location: 2F
1-1: Ball
2-1: Fly out, F9 (Line Drive, 9S, EV 96.9 MPH)
Bottom of the 5th over - 0 runs, 1 hit, 0 errors, 1 left on base; Cleveland 6 - Kansas City 4
TOP OF THE 6TH
Cleveland Indians batting - Pitching for Kansas City Royals : LHP Chris Eaker
Batting: LHB Jeff Taylor 0-0: Ball
1-0: Called Strike
1-1: Swinging Strike
1-2: Ball
2-2: Strikes out swinging
Batting: RHB Jesus Galvan 0-0: Ground out 6-3 (Groundball, 6, EV 100.6 MPH)
Batting: RHB Drtian Thaqi 0-0: Ball
1-0: Ball
2-0: Ball
3-0: Called Strike
3-1: Base on Balls
Pitching: RHP Skyler Webster
Batting: LHB Arvin Dungca 0-0: Called Strike
0-1: Ball
1-1: Fielders Choice at 2nd, 6-4 (Groundball, 4M, EV 111.2 MPH)
Top of the 6th over - 0 runs, 0 hits, 0 errors, 1 left on base; Cleveland 6 - Kansas City 4
BOTTOM OF THE 6TH
Kansas City Royals batting - Pitching for Cleveland Indians : RHP Jon Turman
Batting: SHB Gil Switzer 0-0: Called Strike
0-1: SINGLE (Groundball, 34D, EV 109.4 MPH)
Batting: SHB Gareth Busby 0-0: Called Strike
0-1: SINGLE (Flyball, 34D, EV 95.0 MPH)
Gil Switzer to second
Batting: LHB Zion Davidson 0-0: Fly out, F9 (Line Drive, 9, EV 84.4 MPH)
Batting: RHB Aaron Matthews 0-0: Ball
1-0: Ball
2-0: Ball
3-0: Called Strike
3-1: Called Strike
3-2: Foul Ball, location: 2F
3-2: Strikes out swinging
Pinch Hitting: LHB Manny Estrada 0-0: Called Strike
0-1: Ball
1-1: Ball
2-1: Foul Ball, location: 2F
2-2: Fly out, F7 (Flyball, 7S, EV 90.0 MPH)
Bottom of the 6th over - 0 runs, 2 hits, 0 errors, 2 left on base; Cleveland 6 - Kansas City 4
TOP OF THE 7TH
Cleveland Indians batting - Pitching for Kansas City Royals : RHP Skyler Webster
Now at 1B: Manny Estrada
Batting: LHB Hector Pedroso 0-0: DOUBLE (Line Drive, 89M, EV 100.6 MPH)
Batting: LHB Danny Dunham 0-0: Called Strike
0-1: Foul Ball, location: 2F
0-2: Ball
1-2: Foul Ball, location: 2F
1-2: Fly out, F8 (Line Drive, 8LD, EV 109.4 MPH)
Runner from 2nd tags up, SAFE at 3rd with throw by CF
Batting: SHB Moe Lester 0-0: Called Strike
0-1: Ground out 4-3 (Groundball, 34, EV 87.5 MPH)
Hector Pedroso scores
Batting: RHB Hiroshige Yamada 0-0: Ball
1-0: Foul Ball, location: 2F
1-1: Ball
2-1: Ball
3-1: Fly out, F7 (Flyball, 78M, EV 81.2 MPH)
Top of the 7th over - 1 run, 1 hit, 0 errors, 0 left on base; Cleveland 7 - Kansas City 4
BOTTOM OF THE 7TH
Kansas City Royals batting - Pitching for Cleveland Indians : RHP Jon Turman
Batting: RHB Mike Jaquez 0-0: Swinging Strike
0-1: Ground out 6-3 (Groundball, 6, EV 79.4 MPH)
Batting: RHB Imbart Faber 0-0: Ball
1-0: Ball
2-0: Called Strike
2-1: Foul Ball, location: 2F
2-2: Foul Ball, location: 2F
2-2: Ball
3-2: Foul Ball, location: 2F
3-2: Ground out 6-3 (Groundball, 4M, EV 106.2 MPH)
Pitching: RHP Hector Guerrero
Batting: LHB Mike Meyerhoff 0-0: Called Strike
0-1: Ground out 4-3 (Groundball, 4, EV 86.9 MPH)
Bottom of the 7th over - 0 runs, 0 hits, 0 errors, 0 left on base; Cleveland 7 - Kansas City 4
TOP OF THE 8TH
Cleveland Indians batting - Pitching for Kansas City Royals : RHP Skyler Webster
Pitching: RHP Gan Ts'ong
Batting: RHB Shigem Kubo 0-0: Ball
1-0: Ball
2-0: Fly out, F4 (Popup, 4M, EV 71.2 MPH)
Batting: LHB Jeff Taylor 0-0: Called Strike
0-1: Swinging Strike
0-2: Ball
1-2: Foul Ball, location: 2F
1-2: Strikes out swinging
Batting: RHB Jesus Galvan 0-0: Fly out, F9 (Flyball, 89S, EV 90.6 MPH)
Top of the 8th over - 0 runs, 0 hits, 0 errors, 0 left on base; Cleveland 7 - Kansas City 4
BOTTOM OF THE 8TH
Kansas City Royals batting - Pitching for Cleveland Indians : RHP Hector Guerrero
Batting: SHB Tony Prado 0-0: Called Strike
0-1: Ball
1-1: Foul Ball, location: 2F
1-2: Ball
2-2: Ground out U3 (Groundball, 34, EV 100.6 MPH)
Batting: SHB Gil Switzer 0-0: Fly out, F8 (Flyball, 78M, EV 88.8 MPH)
Batting: SHB Gareth Busby 0-0: Ball
1-0: Foul Ball, location: 2F
1-1: Fly out, F8 (Flyball, 8RD, EV 91.9 MPH)
Bottom of the 8th over - 0 runs, 0 hits, 0 errors, 0 left on base; Cleveland 7 - Kansas City 4
TOP OF THE 9TH
Cleveland Indians batting - Pitching for Kansas City Royals : RHP Gan Ts'ong
Pitching: LHP John Brooks
Batting: RHB Drtian Thaqi 0-0: Foul Ball, location: 2F
0-1: Ball
1-1: Fly out, F9 (Flyball, 89D, EV 91.9 MPH)
Batting: LHB Arvin Dungca 0-0: Ball
1-0: Ball
2-0: Fly out, F8 (Flyball, 8LS, EV 87.5 MPH)
Batting: LHB Hector Pedroso 0-0: Swinging Strike
0-1: Foul Ball, location: 2F
0-2: Foul Ball, location: 2F
0-2: Ball
1-2: Ball
2-2: Foul Ball, location: 2F
2-2: Foul Ball, location: 2F
2-2: Foul Ball, location: 2F
2-2: Ball
3-2: Fly out, F6 (Flyball, 6D, EV 80.6 MPH)
Top of the 9th over - 0 runs, 0 hits, 0 errors, 0 left on base; Cleveland 7 - Kansas City 4
BOTTOM OF THE 9TH
Kansas City Royals batting - Pitching for Cleveland Indians : RHP Hector Guerrero
Batting: LHB Zion Davidson 0-0: Ball
1-0: SOLO HOME RUN (Flyball, 9D, EV 95.0 MPH), Distance : 378 ft
Pinch Hitting: LHB Bill Baconneck 0-0: Called Strike
0-1: Ground out 4-3 (Groundball, 4, EV 81.9 MPH)
Batting: LHB Manny Estrada 0-0: Called Strike
0-1: Ball
1-1: Ball
2-1: DOUBLE (Flyball, 8RXD, EV 98.1 MPH)
Batting: RHB Mike Jaquez 0-0: Fly out, F9 (Flyball, 89S, EV 95.6 MPH)
Batting: RHB Imbart Faber 0-0: Foul Ball, location: 2F
0-1: Ground out 4-3 (Groundball, 4, EV 78.1 MPH)
Bottom of the 9th over - 1 run, 2 hits, 0 errors, 1 left on base; Cleveland 7 - Kansas City 5
Wednesday, June 22nd , 2022 - OOTP Baseball 23.4 Build 64